 Dungeon Crawl Stone Soup version 0.18-a0-1673-gaded821 (console) character file.

90 sorlin the Cudgeler (level 4, -9/40 HPs)
             Began as a Draconian Gladiator on Apr 1, 2016.
             Mangled by nightshiftgray's ghost (17 damage)
             ... on level 3 of the Dungeon.
             The game lasted 00:04:40 (1747 turns).

sorlin the Cudgeler (Draconian Gladiator)           Turns: 1747, Time: 00:04:41

Health: -9/40      AC:  5    Str: 17    XL:     4   Next: 32%
Magic:  4/4        EV:  8    Int:  8    God:
Gold:   92         SH:  0    Dex: 13    Spells: 0 memorised, 3 levels left

rFire  . . .     SeeInvis .     f - +1 whip (flame)
rCold  . . .     Gourm    .     (armour unavailable)
rNeg   . . .     Faith    .     (no shield)
rPois  .         Spirit   .     b - +0 hat
rElec  .         Dismiss  .     (no cloak)
rCorr  .         Reflect  .     (no gloves)
SustAt .         Harm     .     (no boots)
MR     .....                    (no amulet)
Stlth  +.........               (no ring)
                                (no ring)

@: not resistant to hostile enchantments, very unstealthy
A: unfitting armour, cold-blooded, AC +5
a: no special abilities


You were on level 3 of the Dungeon.
You were hungry.

You visited 1 branch of the dungeon, and saw 3 of its levels.

You collected 92 gold pieces.


Innate Abilities, Weirdness & Mutations

Your plain brown scales are hard (AC +5).
Your body does not fit into most forms of armour.
You are cold-blooded and may be slowed by cold attacks.


   Skills:
 + Level 3.8 Fighting
 * Level 4.2 Maces & Flails
 - Level 1.7 Throwing
 - Level 2.6 Dodging


You had 3 spell levels left.
You didn't know any spells.

Inventory:

Hand Weapons
 a - a +0 flail
 f - a +1 whip of flaming (weapon)
   (You took it off a kobold on level 1 of the Dungeon)
Missiles
 c - 3 throwing nets (quivered)
 p - 5 curare-tipped needles
Armour
 b - a +0 hat (worn)
Wands
 l - a wand of random effects (23/48)
 m - a wand of enslavement (11/24)
Scrolls
 i - 3 scrolls of identify {unknown}
 j - 2 scrolls of blinking {unknown}
 k - 2 scrolls of fog {unknown}
 o - a scroll of magic mapping {unknown}
 r - a scroll of immolation {unknown}
 s - a scroll of amnesia {unknown}
Potions
 e - 2 potions of might {unknown}
 h - 2 potions of curing {unknown}
 n - a potion of heal wounds {unknown}
Comestibles
 d - 2 bread rations {!e}
 g - 8 fruits


Message History

The floor.
You hit nightshiftgray's ghost. You burn nightshiftgray's ghost.
Nightshiftgray's ghost is lightly damaged.
Nightshiftgray's ghost barely misses you.
You barely miss nightshiftgray's ghost. You tail-slap nightshiftgray's ghost.
Nightshiftgray's ghost is lightly damaged.
Nightshiftgray's ghost misses you.
You hit nightshiftgray's ghost but do no damage.
Nightshiftgray's ghost is lightly damaged.
Nightshiftgray's ghost barely misses you.
You barely miss nightshiftgray's ghost.
Nightshiftgray's ghost is lightly damaged.
Nightshiftgray's ghost closely misses you.
You hit nightshiftgray's ghost but do no damage.
Nightshiftgray's ghost is lightly damaged.
Nightshiftgray's ghost hits you but does no damage.
You hit nightshiftgray's ghost but do no damage.
You tail-slap nightshiftgray's ghost.
Nightshiftgray's ghost is lightly damaged.
Nightshiftgray's ghost closely misses you.
You completely miss nightshiftgray's ghost.
Nightshiftgray's ghost is lightly damaged.
Nightshiftgray's ghost hits you.
You take 1 damage.
You hit nightshiftgray's ghost. You burn nightshiftgray's ghost.
Nightshiftgray's ghost is lightly damaged.
You hit nightshiftgray's ghost. You burn nightshiftgray's ghost.
You tail-slap nightshiftgray's ghost.
Nightshiftgray's ghost is moderately damaged.
Nightshiftgray's ghost barely misses you.
You barely miss nightshiftgray's ghost.
Nightshiftgray's ghost is moderately damaged.
Nightshiftgray's ghost hits you!
You take 13 damage.
You barely miss nightshiftgray's ghost.
Nightshiftgray's ghost is moderately damaged.
Nightshiftgray's ghost closely misses you.
You hit nightshiftgray's ghost but do no damage.
Nightshiftgray's ghost is moderately damaged.
Nightshiftgray's ghost hits you.
You take 2 damage.
You completely miss nightshiftgray's ghost.
Nightshiftgray's ghost is moderately damaged.
Nightshiftgray's ghost hits you!
* * * LOW HITPOINT WARNING * * *
You take 16 damage.
You hit nightshiftgray's ghost. You burn nightshiftgray's ghost.
Nightshiftgray's ghost is moderately damaged.
Nightshiftgray's ghost closely misses you.
Nightshiftgray's ghost hits you!
You die...

###
#@#
#W#
#..
..#.
#.#.#
... .
...
.#
... #


You could see nightshiftgray's ghost.

Vanquished Creatures
  4 adders (D:2)
  2 oozes
  2 worms (D:2)
  A dart slug (D:2)
  A giant gecko (D:1)
  2 giant cockroaches (D:1)
  6 hobgoblins
  5 bats
  A giant newt (D:2)
  6 goblins
  A jackal skeleton (D:2)
  4 kobolds
  4 rats
39 creatures vanquished.

Notes
Turn   | Place    | Note
--------------------------------------------------------------
     0 | D:1      | sorlin the Draconian Gladiator began the quest for the Orb.
     0 | D:1      | Reached XP level 1. HP: 17/17 MP: 1/1
   172 | D:1      | Reached XP level 2. HP: 21/25 MP: 2/2
   269 | D:1      | Reached skill level 3 in Fighting
   699 | D:2      | Reached XP level 3. HP: 31/31 MP: 3/3
  1304 | D:2      | Reached skill level 4 in Maces & Flails
  1304 | D:2      | Reached XP level 4. HP: 31/40 MP: 4/4
  1322 | D:2      | Found a shimmering altar of Xom.
  1732 | D:3      | Noticed nightshiftgray's ghost (amateur HOFi)
  1745 | D:3      | HP: 8/40 [nightshiftgray's ghost (16)]
  1747 | D:3      | Mangled by nightshiftgray's ghost

Vault maps used:
D:1:      dpeg_arrival_round_a
D:2:      xom_butterflies
D:3:      gammafunk_temple_overflow_pools, uniq_iyjb

Action                   |  1- 3 |  4- 6 || total
-------------------------+-------+-------++-------
Melee: Flail             |    27 |       ||    27
       Whip              |    68 |    39 ||   107
 Stab: Distracted        |     2 |       ||     2
  Eat: Chunk             |     1 |     1 ||     2
